 Dungeon Crawl Stone Soup version 0.31-a0-1370-gf52a5a9ab3 (webtiles) character file.

Game seed: 307938138134722843

81 Sonofthefire the Ruffian (level 4, -3/28 HPs)
             Began as an Octopode Shapeshifter on Dec 24, 2023.
             Slain by an orc priest
             ... wielding a +0 flail
              (5 damage)
             ... on level 3 of the Dungeon.
             The game lasted 00:01:28 (1627 turns).

Sonofthefire the Ruffian (Octopode Shapeshifter)    Turns: 1627, Time: 00:01:28

Health: -3/28      AC:  1    Str: 15    XL:     4   Next: 40%
Magic:  4/4        EV: 13    Int: 12    God:
Gold:   127        SH:  0    Dex: 11    Spells: 3/3 levels left

rFire   . .          .
                       - Unarmed
rCold   . . .        (no shield)
rNeg    . . .        (helmet currently unavailable)
rPois   .            (no amulet)
rElec   .            (no ring)
rCorr   .            (no ring)
SInv    .            (no ring)
Will    .....        (no ring)
Stlth   ++           (no ring)
HPRegen 0.24/turn    (no ring)
MPRegen 0.09/turn    (no ring)
                     (no ring)

%: no passive effects
@: beast-form
A: beast (slay +1), almost no armour, amphibious, 8 rings, camouflage 1,
gelatinous body 1, (nimble swimmer 1), tentacles
a: Begin Untransformation


You were on level 3 of the Dungeon.
You were a hulking beast.
You visited 1 branch of the dungeon, and saw 3 of its levels.

You collected 127 gold pieces.

Inventory:

Talismans
 b - a beast talisman
 c - a flux talisman
Scrolls
 e - 2 scrolls of identify {unknown}
 f - 3 scrolls of teleportation {unknown}
 g - 2 scrolls of poison {unknown}
 i - a scroll of torment {unknown}
 m - a scroll of fog {unknown}
Potions
 a - a potion of lignification
 d - 2 potions of mutation {unknown}
 h - 3 potions of curing {unknown}
 j - a potion of heal wounds {unknown}
 k - a potion of attraction {unknown}
 l - a potion of degeneration {unknown}


   Skills:
 - Level 1.0 Fighting
 - Level 2.0 Dodging
 + Level 5.1 Unarmed Combat
 - Level 3.0 Shapeshifting


You had 3 spell levels left.
You didn't know any spells.
Your spell library contained the following spells:

 Spells                   Type           Power      Damage    Failure   Level
 Ensorcelled Hibernation  Hex/Ice        0%         N/A       45%         2
 Passwall                 Alch/Erth      0%         N/A       45%         2
 Swiftness                Air            0%         N/A       69%         3


Dungeon Overview and Level Annotations

Branches:
Dungeon (3/15)

Altars:
Cheibriados


Innate Abilities, Weirdness & Mutations

You are a hulking beast.
Your limbs bulge with bestial killing power. (Slay +1)
You cannot wear most types of armour.
You are amphibious.
You can wear up to eight rings at the same time.
Your skin changes colour to match your surroundings (Stealth+).
Your rubbery body absorbs attacks. (AC +1, EV +1)
((You are camouflaged when in or above water. (Stealth+)))
You have tentacles for arms and can constrict up to eight enemies at once.


Message History

You are too injured to fight recklessly!
The adder attacks as it pursues you! The adder misses you. The adder bites you.
The adder attacks as it pursues you! The adder bites you.
You barely miss the adder. Your grab misses the adder. The adder misses you.
You miss the adder. You grab the adder. You squeeze the adder.
The adder is heavily wounded.
You constrict the adder. The adder bites you.
You are poisoned.
The adder poisons you! The adder barely misses you.
You tentacle-slap the adder.
You kill the adder!
You feel sick.
Your Unarmed Combat skill increases to level 5!
You barely miss the orc. You grab the orc.
You constrict the orc, but do no damage.
You feel sick. The orc misses you.
You tentacle-slap the orc. You squeeze the orc.
You kill the orc!
You feel sick.
You barely miss the orc. You grab the orc. You tentacle-slap the orc.
The orc is severely wounded.
You constrict the orc.
You feel sick. The orc barely misses you.
You bludgeon the orc!
You kill the orc!
You feel sick.
The orc hits you from afar with a +0 trident!
* * * LOW HITPOINT WARNING * * *
You feel sick.
You are no longer poisoned.
The orc shouts!
The orc hits you with a +0 trident.
* * * LOW HITPOINT WARNING * * *
Items here: )) [[ ††.
You barely miss the orc. You grab the orc. You squeeze the orc!
You kill the orc!
You completely miss the orc priest. You grab the orc priest.
You constrict the orc priest, but do no damage.
The orc priest hits you with a +0 flail.
You die...

#
#...<..........###
#.
######............
.. #.......>.# #.
###..#.....##
#....##...##
#.#..###$##
...#......# ####
#.# ###.#####...#
#. #...o.oh....#
#..######...#
#....# #......
##$.o# ######
#...# #.oo# #....
..o.# ####.#


You could see an orc priest and an orc.

Vanquished Creatures
  2 adders
  3 worms (D:2)
  A dart slug (D:1)
  3 orcs (D:3)
  5 bats
  3 endoplasms
  2 giant cockroaches (D:2)
  3 goblins
  7 hobgoblins
  5 jackals
  2 quokkas
  2 ball pythons
  5 kobolds
  2 rats (D:1)
45 creatures vanquished.

Notes
Turn   | Place    | Note
-------+----------+-------------------------------------------
     0 | D:1      | Sonofthefire the Octopode Shapeshifter began the quest for
                  | the Orb.
     0 | D:1      | Reached XP level 1. HP: 13/13 MP: 1/1
   128 | D:1      | Reached XP level 2. HP: 16/18 MP: 2/2
   202 | D:1      | Found a faded altar of an unknown god.
   461 | D:1      | Reached skill level 4 in Unarmed Combat
   512 | D:1      | You fall into a shaft and drop 1 floor!
   529 | D:2      | Reached XP level 3. HP: 10/23 MP: 3/3
   868 | D:2      | Found a snail-covered altar of Cheibriados.
  1126 | D:2      | Reached XP level 4. HP: 27/28 MP: 4/4
  1285 | D:2      | Identified the +0 pair of gloves "Xuadeureyt" {rElec rN+++
                  | Will- Stlth-}
  1621 | D:3      | Reached skill level 5 in Unarmed Combat
  1625 | D:3      | HP: 1/28 [orc/+0 trident (6)]
  1627 | D:3      | Slain by an orc priest

Illustrated notes

Levels and vault maps discovered:
D:1:      lemuel_arrival_muddy, layout_rooms, basic_ecumenical_altar
D:2:      layout_basic, basic_altar, grunt_ministairs_2
D:3:      layout_loops_ring, lemuel_round_altar, bh_walls_and_bars

Skill      XL: |  1  2  3  4 |
---------------+-------------+-----
Unarmed Combat | 4 5 |  5.1
Fighting       | |  1.0
Dodging        | |  2.0
Shapeshifting  | |  3.0

Action                     |  1- 3 |  4- 6 || total
---------------------------+-------+-------++-------
  Melee: Unarmed           |    69 |    18 ||    87
         Constrict         |    20 |     8 ||    28
         Tentacles         |    18 |     8 ||    26
         Punch             |     4 |     1 ||     5
   Stab: Sleeping          |     2 |     1 ||     3
 Armour: Skin              |    31 |    10 ||    41
  Dodge: Dodged            |    34 |    12 ||    46

Table legend: (Time is in decaauts)
 A = Elapsed time spent in this place.
 B = Non-inter-level travel time spent in this place.
 C = Inter-level travel time spent in this place.
 D = Time resting spent in this place.
 E = Time spent auto-exploring this place.
 F = Levels seen in this place.
 G = Mean time per level.
                   A        B        C        D        E       F      G
               +--------+--------+--------+--------+--------+-----+--------+
         Total |   1619 |   1571 |     48 |    263 |   1054 |   3 |  539.7 |
       Dungeon |   1619 |   1571 |     48 |    263 |   1054 |   3 |  539.7 |
               +--------+--------+--------+--------+--------+-----+--------+

Top non-repeatable levels by time:
     D:2: 973 daAuts
     D:1: 509 daAuts
     D:3: 136 daAuts
